 Dungeon Crawl Stone Soup version 0.20-a0-1000-g0e8f6bb (webtiles) character file.

42 MTVSty1e the Insei (level 3, -1/29 HPs)
             Began as a Bultungin Transmuter on Apr 12, 2017.
             Slain by a worm (4 damage)
             ... on level 2 of the Dungeon.
             The game lasted 00:03:44 (1687 turns).

MTVSty1e the Insei (Bultungin Transmuter)           Turns: 1687, Time: 00:03:45

Health: -1/29      AC:  8    Str:  9    XL:     3   Next: 54%
Magic:  7/7        EV:  4    Int: 13    God:
Gold:   66         SH:  0    Dex: 15    Spells: 7/8 levels left

rFire    . . .     SeeInvis +   h - +0 dagger
rCold    . . .     Gourm    .   (no shield)
rNeg     . . .     Faith    .   k - +0 chain mail (curse)
rPois    .         Spirit   .   (no helmet)
rElec    .         Reflect  .   (no cloak)
rCorr    .         Harm     .   (no gloves)
MR       .....                  (no boots)
Stlth    ..........             (no amulet)
Regen    0.1/turn               (no ring)
MPRegen  0.1/turn               (no ring)

@: no status effects
A: short attention span, fangs 1, see invisible, strong nose
a: no special abilities


You were on level 2 of the Dungeon.
You were not hungry.

You visited 1 branch of the dungeon, and saw 2 of its levels.

You collected 66 gold pieces.

Inventory:

Hand Weapons
 h - a +0 dagger (weapon)
Armour
 b - a +0 robe
 k - a cursed +0 chain mail (worn)
 p - a +0 leather armour
Scrolls
 o - a scroll of identify
Potions
 a - a potion of curing {unknown}
 e - a potion of flight {unknown}
 f - a potion of cancellation
 g - a potion of berserk rage {unknown}
 i - a potion of lignification {unknown}
 l - a potion of invisibility {unknown}
 m - a potion of ambrosia {unknown}
Books
 c - a book of Changes

   Spells                             Type                      Level
   a - Beastly Appendage              Transmutation                1
   b - Sticks to Snakes               Transmutation                2
   c - Spider Form                    Transmutation/Poison         3
   d - Ice Form                       Ice/Transmutation            4
   e - Blade Hands                    Transmutation                5
Comestibles
 d - a bread ration
 j - a fruit


   Skills:
 * Level 3.1 Fighting
 + Level 1.3 Short Blades
 + Level 0.4 Armour
 + Level 3.5 Dodging
 + Level 1.3 Stealth
 - Level 4.4 Unarmed Combat
 + Level 3.4 Spellcasting
 + Level 3.4 Transmutations


You had 7 spell levels left.
You knew the following spells:

 Your Spells              Type           Power        Failure   Level  Hunger
a - Beastly Appendage     Tmut           ##....       100%        1    #......


Dungeon Overview and Level Annotations

Branches:
Dungeon (2/15)

Altars:


Innate Abilities, Weirdness & Mutations

You have a short attention span.
You have very sharp teeth.
You have supernaturally acute eyesight. (SInv)
Your uncanny sense of smell can sniff out nearby items.


Message History

The worm is heavily wounded.
You hit the worm but do no damage.
The worm is heavily wounded.
The worm bites you but does no damage.
You hit the worm.
The worm is severely wounded.
Your chain mail prevents you from hitting the worm.
The worm is severely wounded.
The worm bites you but does no damage.
You barely miss the worm.
The worm is heavily wounded.
You hit the worm but do no damage. You bite the worm, but do no damage.
The worm is heavily wounded.
The worm bites you but does no damage.
You hit the worm but do no damage.
The worm is heavily wounded.
You hit the worm but do no damage.
The worm is heavily wounded.
The worm bites you.
You die...

##.##.### ##.......###.##.##.#.#
#.......###........[##.#...#.#.#
#.........'........<'...........
#..#....###.........##.#...###.#
#.....#.# ##.......###.....<...#
#.##.##.# ##.....## #####.#####
#. #.##.# ##...## #.# #. #.##.#
##'## #.# #. .....# #@# #.#
#.#### #w# #. #. ... .....
#...... ##...... ........
#........


You could see a worm.

Vanquished Creatures
  An ooze (D:2)
  2 dart slugs (D:1)
  A leopard gecko (D:1)
  4 giant cockroaches
  6 goblins
  A hobgoblin (D:2)
  2 jackals (D:2)
  A quokka (D:2)
  A ball python (D:1)
  4 bats
  3 frilled lizards (D:1)
  2 kobolds (D:1)
  3 rats
31 creatures vanquished.

Notes
Turn   | Place    | Note
-------+----------+-------------------------------------------
     0 | D:1      | MTVSty1e the Bultungin Transmuter began the quest for the Orb.
     0 | D:1      | Reached XP level 1. HP: 15/15 MP: 4/4
   295 | D:1      | Reached skill level 1 in Stealth
   295 | D:1      | Reached XP level 2. HP: 18/23 MP: 6/6
   706 | D:1      | Reached skill level 1 in Short Blades
   706 | D:1      | Reached XP level 3. HP: 22/28 MP: 7/7
  1687 | D:2      | Slain by a worm

Vault maps used:
D:1:      matt_arrival_diagonals
D:2:      minitemple, uniq_sigmund

Skill      XL: |  1  2  3 |
---------------+----------+-----
Fighting       | 2 3 |  3.1
Stealth        | 1 |  1.3
Short Blades   | 1 |  1.3
Armour         | |  0.4
Dodging        | |  3.5
Unarmed Combat | |  4.4
Spellcasting   | |  3.4
Transmutations | |  3.4

Action                   || total
-------------------------++-------
Melee: Dagger            ||   224
       Unarmed           ||     6
       Bite              ||    27
       Punch             ||     2
  Use: Scroll            ||     2
 Stab: Sleeping          ||     1
  Eat: Chunk             ||     3
Armor: Robe              ||    28
       Chain mail        ||    74
Dodge: Dodged            ||   124
